 Dungeon Crawl Stone Soup version 0.22-a0-284-g99d1f74 (webtiles) character file.

287 4thArraOfDagon the Slasher (level 6, -2/44 HPs)
             Began as a Formicid Warper on Mar 21, 2018.
             Was an Initiate of Cheibriados.
             Slain by an ogre
             ... wielding a +0 giant club
              (5 damage)
             ... on level 5 of the Dungeon.
             The game lasted 00:06:57 (1643 turns).

4thArraOfDagon the Slasher (Formicid Warper)        Turns: 1643, Time: 00:06:57

Health: -2/44      AC:  6    Str: 16    XL:     6   Next: 56%
Magic:  18/18      EV: 11    Int: 16    God:    Cheibriados [......]
Gold:   57         SH:  0    Dex: 11    Spells: 4/9 levels left

rFire    . . .     SeeInvis +   j - +2 falchion (holy)
rCold    . . .     Gourm    .   (no shield)
rNeg     . . .     Faith    .   h - +0 ring mail
rPois    .         Spirit   .   (helmet unavailable)
rElec    .         Reflect  .   (no cloak)
rCorr    .         Harm     .   (no gloves)
MR       .....                  d - +0 pair of boots
Stlth    +.........             (no amulet)
HPRegen  0.14/turn              c - ring of magical power
MPRegen  0.16/turn              (no ring)

@: very slow
A: permanent stasis, dig shafts and tunnels, four strong arms, antennae 3
a: Dig, Shaft Self, Bend Time, Renounce Religion


You were on level 5 of the Dungeon.
You worshipped Cheibriados.
Cheibriados was noncommittal.
You were not hungry.

You visited 2 branches of the dungeon, and saw 8 of its levels.

You collected 57 gold pieces.

Inventory:

Hand Weapons
 a - a +0 falchion
 g - a +0 long sword of flaming
 i - a +0 great sword
 j - a +2 falchion of holy wrath (weapon)
Missiles
 e - 2 tomahawks of dispersal (quivered)
Armour
 b - a +0 leather armour
 d - a +0 pair of boots (worn)
 h - a +0 ring mail (worn)
 m - a +0 chain mail
Jewellery
 c - a ring of magical power (left hand)
Scrolls
 k - 2 scrolls of identify
Comestibles
 f - 3 rations


   Skills:
 - Level 2.1 Fighting
 * Level 6.4 Long Blades
 - Level 1.0 Throwing
 - Level 1.1 Armour
 - Level 1.7 Dodging
 - Level 2.1 Spellcasting
 - Level 2.6 Translocations


You had 4 spell levels left.
You knew the following spells:

 Your Spells              Type           Power        Failure   Level  Hunger
a - Shroud of Golubria    Chrm/Tloc      #.........   34%         2    ###....
b - Lesser Beckoning      Tloc           ##........   36%         3    ###....


Dungeon Overview and Level Annotations

Branches:
Dungeon (7/15)             Temple (1/1) D:5

Altars:
Cheibriados
Dithmenos
Fedhas
Gozag
Hepliaklqana
Kikubaaqudgha
Okawaru
Qazlal
Ru
Vehumet
Xom
Zin
The Shining One

Shops:
D:7 (

Annotations:
D:2 Terence
D:7 Dowan, Duvessa


Innate Abilities, Weirdness & Mutations

You cannot be hasted, slowed, berserked, paralysed or teleported.
You can dig through walls and to a lower floor.
Your four strong arms can wield two-handed weapons with a shield.
You have a pair of large antennae on your head. (SInv)


Message History

The ogre is moderately wounded.
The ogre hits you with a giant club!
You hit the ogre.
The ogre is moderately wounded.
The ogre hits you with a giant club!!
Ouch! That really hurt!
* * * LOW HITPOINT WARNING * * *
You hit the ogre.
The ogre is moderately wounded.
You are too injured to fight recklessly!
You are too injured to fight recklessly!
You are too injured to fight recklessly!
You hit the ogre.
The ogre is heavily wounded.
The ogre misses you.
Unknown command.
You slash the ogre!
The ogre is severely wounded.
The ogre hits you with a giant club.
You die...

.≈≈≈.........
##...####.... ###.##
....# ##+## .#.##
##...## ...# ##.....##
...# ##.......## ##
...###.........####...##
.....'.........'@O......
..####.........##.#...##
.## ##.......## .# ...
## ##.....## .# #
##...## .. ##+## ##


You could see an ogre.

Vanquished Creatures
  An ogre (Temple)
  A bullfrog (D:6)
  A crimson imp (D:6)
  A hound (D:6)
  A howler monkey zombie (D:6)
  2 adders
  An ooze (D:1)
  An adder skeleton (D:5)
  A dart slug (D:1)
  2 leopard geckos
  6 orcs
  A ball python (D:5)
  2 bats
  A goblin (D:3)
  A hobgoblin (D:1)
  2 kobolds
  2 quokkas (D:5)
  4 rats
31 creatures vanquished.

Notes
Turn   | Place    | Note
-------+----------+-------------------------------------------
     0 | D:1      | 4thArraOfDagon the Formicid Warper began the quest for the Orb.
     0 | D:1      | Reached XP level 1. HP: 16/16 MP: 3/3
    73 | D:1      | Reached XP level 2. HP: 22/22 MP: 5/5
   118 | D:1      | Reached skill level 3 in Long Blades
   191 | D:2      | Noticed Terence
   232 | D:3      | Reached XP level 3. HP: 7/27 MP: 6/6
   480 | D:3      | You fall through a shaft for 2 floors!
   480 | D:5      | Entered Level 5 of the Dungeon
   570 | D:5      | Learned a level 2 spell: Shroud of Golubria
   574 | D:5      | Learned a level 3 spell: Lesser Beckoning
   658 | D:5      | You fall through a shaft for 2 floors!
   701 | D:7      | Found Ohuariq's Antique Weapon Shoppe.
   725 | D:7      | Noticed a scorpion
   808 | D:7      | Noticed Dowan
   809 | D:7      | Noticed Duvessa
   889 | D:6      | Reached skill level 4 in Long Blades
   889 | D:6      | Reached XP level 4. HP: 14/33 MP: 7/7
  1010 | D:4      | You fall through a shaft for 2 floors!
  1028 | D:6      | Noticed a bullfrog
  1036 | D:6      | Killed a bullfrog
  1036 | D:6      | Reached skill level 5 in Long Blades
  1036 | D:6      | Reached XP level 5. HP: 23/38 MP: 8/8
  1058 | D:6      | Noticed a gargoyle
  1307 | D:5      | Reached XP level 6. HP: 43/44 MP: 9/9
  1382 | D:5      | Noticed an ogre
  1383 | D:5      | Noticed an ice beast
  1385 | D:5      | Found a staircase to the Ecumenical Temple.
  1392 | Temple   | Entered the Ecumenical Temple
  1441 | Temple   | Became a worshipper of Cheibriados the Contemplative
  1469 | Temple   | Killed an ogre
  1469 | Temple   | Reached skill level 6 in Long Blades
  1636 | D:5      | Noticed an ogre
  1643 | D:5      | Slain by an ogre

Vault maps used:
D:1:      minmay_arrival_pointy, hangedman_abyss_or_decor_stabs
D:2:      elyvilon_altar_4, bloody_makhleb, uniq_sigmund, uniq_natasha,
          uniq_terence
D:3:      lemuel_blue_sif_altar, chequers_ecumenical_altar_simple, first_ration
D:4:      minmay_surrounded, uniq_grinder
D:5:      kennysheep_spiral_hall, minmay_temple_entry_mist
D:6:      kennysheep_generic_room_6
D:7:      lightli_temple_of_fire, serial_shops, nicolae_shop_trees, uniq_duvessa
Temple:   dshaligram_water_room_temple

Skill      XL: |  1  2  3  4  5  6 |
---------------+-------------------+-----
Long Blades    | 3 4 5 6 |  6.4
Fighting       | |  2.1
Throwing       | |  1.0
Armour         | |  1.1
Dodging        | |  1.7
Spellcasting   | |  2.1
Translocations | |  2.6

Action                   |  1- 3 |  4- 6 || total
-------------------------+-------+-------++-------
Melee: Falchion          |    64 |    59 ||   123
Throw: Tomahawk          |       |     3 ||     3
 Abil: Dig               |     8 |     5 ||    13
       Shaft Self        |     2 |     1 ||     3
  Use: Scroll            |     3 |     1 ||     4
 Stab: Sleeping          |     1 |       ||     1
  Eat: Ration            |     1 |       ||     1
       Chunk             |       |     3 ||     3
Armor: Leather armour    |     1 |       ||     1
       Ring mail         |    27 |    16 ||    43
Dodge: Dodged            |    45 |    20 ||    65
       Rpst.: Falchion   |    15 |     5 ||    20

Table legend:
 A = Spawn XP
 B = Non-spawn XP
 C = Spawn XP percentage of total XP
 D = Spawn monster count
 E = Non-spawn monster count
 F = Spawn count percentage of total count
 G = Total turns spent on level
                    A         B        C        D         E        F      G
               +---------+---------+-------+---------+---------+-------+---------
         Total |       0 |     411 |   0.0 |       0 |      31 |   0.0 |  1643
               +---------+---------+-------+---------+---------+-------+---------
           D:1 |       0 |      22 |   0.0 |       0 |       8 |   0.0 |   189
           D:2 |       0 |       3 |   0.0 |       0 |       2 |   0.0 |    21
           D:3 |       0 |      10 |   0.0 |       0 |       5 |   0.0 |   270
           D:5 |       0 |      39 |   0.0 |       0 |      10 |   0.0 |   598
           D:6 |       0 |     212 |   0.0 |       0 |       5 |   0.0 |   236
        Temple |       0 |     125 |   0.0 |       0 |       1 |   0.0 |   157
               +---------+---------+-------+---------+---------+-------+---------
